 Dungeon Crawl Stone Soup version 0.22-a0-348-gd16d139 (webtiles) character file.

1491 grindst0ne the Skirmisher (level 9, 0/71 HPs)
             Began as a Formicid Abyssal Knight on Apr 6, 2018.
             Was a Priest of Lugonu.
             Hit by an exploding tomahawk thrown by an orc (3 damage)
             ... on level 6 of the Dungeon on Apr 8, 2018.
             The game lasted 00:12:58 (7989 turns).

grindst0ne the Skirmisher (Formicid Abyssal Knight) Turns: 7989, Time: 00:12:59

Health: 0/71       AC:  9    Str: 17    XL:     9   Next: 7%
Magic:  13/13      EV: 10    Int: 15    God:    Lugonu [***...]
Gold:   270        SH:  4    Dex: 12    Spells: 8/8 levels left

rFire    + . .     SeeInvis +   a - +1 falchion
rCold    + . .     Gourm    .   r - +0 buckler
rNeg     . . .     Faith    .   i - +2 ring mail {rC+}
rPois    .         Spirit   .   (helmet unavailable)
rElec    .         Reflect  .   h - +0 cloak
rCorr    .         Harm     .   (no gloves)
MR       +....                  (no boots)
Stlth    +.........             (no amulet)
HPRegen  0.00/turn              p - ring of protection from magic
MPRegen  0.13/turn              (no ring)

@: no status effects
A: permanent stasis, dig shafts and tunnels, four strong arms, antennae 3, agile
1, fire resistance 1, inhibited regeneration
a: Dig, Shaft Self, Depart the Abyss, Bend Space, Banish, Renounce Religion


You were on level 6 of the Dungeon.
You worshipped Lugonu.
Lugonu was most pleased with you.
You were near starving.

You visited 1 branch of the dungeon, and saw 6 of its levels.
You visited the Abyss 1 time.

You collected 270 gold pieces.

Inventory:

Hand Weapons
 a - a +1 falchion (weapon)
 m - a +1 flail of protection
Missiles
 f - 3 silver tomahawks
 q - 2 tomahawks (quivered)
Armour
 b - a +0 leather armour
 d - a +2 leather armour of fire resistance
 h - a +0 cloak (worn)
 i - a +2 ring mail of cold resistance (worn)
 n - the +0 cloak of Generosity {rPois rF- Regen+ Int-4}
   (You found it on level 4 of the Dungeon)

   It affects your intelligence (-4).
   It makes you vulnerable to fire.
   It protects you from poison.
   It increases your rate of regeneration.
 o - a +0 plate armour
 r - a +0 buckler (worn)
 t - the +0 ring mail "Roanenif" {Dex+4}
   (You took it off an orc on level 6 of the Dungeon)

   It affects your dexterity (+4).
Jewellery
 p - a ring of protection from magic (left hand)
Scrolls
 g - a scroll of blinking
 u - a scroll of fear {unknown}
Potions
 e - a potion of magic
 j - a potion of heal wounds
 k - 2 potions of flight
 l - 5 potions of brilliance
Comestibles
 c - 6 rations


   Skills:
 + Level 6.5 Fighting
 + Level 5.4 Long Blades
 + Level 6.0 Armour
 - Level 0.8 Dodging
 * Level 2.6 Shields
 + Level 6.5 Invocations


You had 8 spell levels left.
You didn't know any spells.

Dungeon Overview and Level Annotations

Branches:
Dungeon (6/15)             Temple (0/1) D:6

Altars:
Ashenzari
Kikubaaqudgha
Okawaru


Innate Abilities, Weirdness & Mutations

You cannot be hasted, slowed, berserked, paralysed or teleported.
You can dig through walls and to a lower floor.
Your four strong arms can wield two-handed weapons with a shield.
You have a pair of large antennae on your head. (SInv)
You are agile. (Dex +2)
Your flesh is heat resistant. (rF+)
You do not regenerate when monsters are visible.


Message History

You retract your mandibles.
An orc comes into view.
The orc shouts!
You hear a shout!
The orc moves out of view.
The orc wizard casts a spell.
The orc wizard blinks!
The orc priest invokes the aid of Beogh against you.
Beogh smites you!
* * * LOW HITPOINT WARNING * * *
The orc priest looks satisfied for a moment.
You see here a leather armour.
You are near starving!
You see here a club.
The orc throws an exploding tomahawk.
The exploding tomahawk hits you.
* * * LOW HITPOINT WARNING * * *
The exploding tomahawk explodes!
The explosion of tomahawk fragments engulfs you!
You hear a shout!
The orc throws an exploding tomahawk.
The exploding tomahawk hits you.
You die...

.# #.............#
#.# # #.....#####.#
#.# #.....# #.# #.#
##.#.## #.# #>#
#..# #.# #.# #..#
#.### #.#
#..######...#####.#
#..#..............#
#.@..#.####.#######
##.##...# #.#
##########...#####
#.#
................#
#.#
..######.#...##.#
#.# #.#...#
##.##.###.## #.#
.#.#..# ##...#o#
#..## #.# #.#.#.#
#......# #.#.###.#
.>.#..# #......#
#J##....#


You could see an orc.

Vanquished Creatures
  Menkaure (D:4)
  A black bear (D:6)
  A sky beast (D:5)
  2 ogres
  A scorpion (D:4)
  A howler monkey (D:2)
  A crimson imp (D:5)
  4 bullfrog zombies
  A centaur zombie (D:5)
  2 centaur skeletons (D:5)
  2 jellies
  An orc wizard (D:6)
  Crazy Yiuf (D:3)
  3 bullfrog skeletons
  An iguana (D:6)
  A worker ant (D:4)
  A killer bee zombie (D:5)
  3 hound zombies (D:5)
  2 hound skeletons
  A worker ant zombie (D:5)
  A howler monkey zombie (D:5)
  8 adders
  2 adder skeletons
  An adder zombie (D:5)
  2 worms (D:2)
  4 dart slugs
  3 leopard geckos (D:5)
  13 orcs
  2 ball pythons (D:1)
  4 giant cockroaches
  11 goblins
  8 hobgoblins
  14 jackals
  2 quokkas (D:2)
  10 bats
  12 frilled lizards
  A giant cockroach zombie (D:5)
  8 kobolds
  2 leopard gecko skeletons
  A leopard gecko zombie (D:5)
  2 quokka zombies (D:5)
  10 rats
152 creatures vanquished.

Vanquished Creatures (others)
  An ice beast (D:6)
  An ogre (D:6)
2 creatures vanquished.

Grand Total: 154 creatures vanquished

Notes
Turn   | Place    | Note
-------+----------+-------------------------------------------
     0 | Abyss:1  | grindst0ne the Formicid Abyssal Knight began the quest for the Orb.
     0 | Abyss:1  | Reached XP level 1. HP: 18/18 MP: 2/2
    71 | Abyss:1  | Noticed a tentacled starspawn
    72 | D:1      | Escaped the Abyss
    97 | D:1      | Reached * piety under Lugonu
   159 | D:1      | Reached XP level 2. HP: 24/24 MP: 3/3
   489 | D:1      | Reached XP level 3. HP: 26/29 MP: 4/4
   842 | D:2      | Reached ** piety under Lugonu
   896 | D:2      | Reached XP level 4. HP: 7/37 MP: 6/6
  1349 | D:2      | Reached XP level 5. HP: 33/42 MP: 7/7
  1680 | D:2      | Found an ancient bone altar of Kikubaaqudgha.
  1680 | D:2      | Found a shattered altar of Ashenzari.
  2057 | D:2      | Upgraded the game from 0.22-a0-346-ga714374 to 0.22-a0-348-gd16d139
  2860 | D:3      | Reached *** piety under Lugonu
  3305 | D:3      | Reached XP level 6. HP: 46/49 MP: 8/8
  3322 | D:3      | Found a runed door.
  3507 | D:3      | Noticed Crazy Yiuf
  3514 | D:3      | Killed Crazy Yiuf
  4097 | D:4      | Got a steaming cloak
  4108 | D:4      | Identified the cursed +0 cloak of Generosity {rPois rF- Regen+ Int-4} (You found it on level 4 of the Dungeon)
  4341 | D:4      | Noticed Menkaure
  4353 | D:4      | Killed Menkaure
  4353 | D:4      | Reached skill level 5 in Fighting
  4353 | D:4      | Reached XP level 7. HP: 29/56 MP: 10/10
  4908 | D:5      | Entered Level 5 of the Dungeon
  4921 | D:5      | Reached skill level 5 in Invocations
  5185 | D:5      | Reached XP level 8. HP: 40/63 MP: 11/11
  5201 | D:5      | Reached skill level 5 in Armour
  5376 | D:5      | Found an iron altar of Okawaru.
  6117 | D:5      | Reached skill level 5 in Long Blades
  6129 | D:5      | Gained mutation: You are agile. (Dex +2) [potion of mutation]
  6129 | D:5      | Gained mutation: You do not regenerate when monsters are visible. [potion of mutation]
  6129 | D:5      | Gained mutation: Your flesh is heat resistant. (rF+) [potion of mutation]
  6470 | D:5      | Reached **** piety under Lugonu
  6945 | D:6      | Reached skill level 1 in Shields
  7297 | D:6      | Reached XP level 9. HP: 43/71 MP: 13/13
  7315 | D:6      | Got a warped ring mail
  7326 | D:6      | Identified the cursed +0 ring mail "Roanenif" {Dex+4} (You took it off an orc on level 6 of the Dungeon)
  7480 | D:6      | HP: 3/71 [acid (10)]
  7548 | D:6      | HP: 2/71 [orc (1)]
  7898 | D:6      | Found a staircase to the Ecumenical Temple.
  7985 | D:6      | HP: 3/71 [orc/exploding tomahawk (4)]
  7989 | D:6      | Hit by an exploding tomahawk thrown by an orc

Vault maps used:
D:1:      giann_horns
D:2:      minmay_door_path, gammafunk_temple_overflow_elements,
          kennysheep_generic_room_6
D:3:      uniq_crazy_yiuf_cottage
D:4:      first_ration, uniq_menkaure
D:5:      kennysheep_okawaru_gauntlet, serial_undead, serial_undead_f,
          serial_undead_d, serial_undead_b, serial_undead_f, serial_undead_c,
          serial_undead_d, serial_undead_a
D:6:      minmay_temple_entry_grid, serial_shops, nicolae_shop_statue_plus,
          uniq_eustachio

Skill      XL: |  1  2  3  4  5  6  7  8  9 |
---------------+----------------------------+-----
Armour         | 3 4 5 6 |  6.0
Invocations    | 3 4 5 6 |  6.5
Fighting       | 4 5 6 |  6.5
Long Blades    | 3 4 5 |  5.4
Shields        | 2 |  2.6
Dodging        | |  0.8

Action                   |  1- 3 |  4- 6 |  7- 9 || total
-------------------------+-------+-------+-------++-------
Melee: Falchion          |   100 |   241 |   300 ||   641
       Flail             |       |       |    10 ||    10
Throw: Tomahawk          |       |       |     2 ||     2
Invok: Depart the Abyss  |     1 |       |       ||     1
       Banish            |       |       |     2 ||     2
       Bend Space        |       |       |     2 ||     2
 Abil: Dig               |       |     1 |    10 ||    11
  Use: Scroll            |       |     6 |     3 ||     9
       Potion            |       |     3 |     3 ||     6
  Eat: Chunk             |       |    10 |     4 ||    14
       Ration            |       |       |     3 ||     3
Armor: Leather armour    |    46 |   108 |   110 ||   264
       Skin              |       |     2 |       ||     2
       Ring mail         |       |       |    15 ||    15
Dodge: Dodged            |    63 |   171 |   184 ||   418
Block: Buckler           |       |       |    19 ||    19
       Rpst.: Falchion   |    22 |    64 |    55 ||   141

Table legend:
 A = Spawn XP
 B = Non-spawn XP
 C = Spawn XP percentage of total XP
 D = Spawn monster count
 E = Non-spawn monster count
 F = Spawn count percentage of total count
 G = Total turns spent on level
                    A         B        C        D         E        F      G
               +---------+---------+-------+---------+---------+-------+---------
         Total |       0 |    2131 |   0.0 |       0 |     154 |   0.0 |  7989
               +---------+---------+-------+---------+---------+-------+---------
           D:1 |       0 |      47 |   0.0 |       0 |      30 |   0.0 |   753
           D:2 |       0 |     179 |   0.0 |       0 |      42 |   0.0 |  1780
           D:3 |       0 |      93 |   0.0 |       0 |      21 |   0.0 |   978
           D:4 |       0 |     470 |   0.0 |       0 |      14 |   0.0 |  1325
           D:5 |       0 |     888 |   0.0 |       0 |      34 |   0.0 |  1970
           D:6 |       0 |     454 |   0.0 |       0 |      13 |   0.0 |  1111
               +---------+---------+-------+---------+---------+-------+---------
